 Dungeon Crawl Stone Soup version 0.25-a0-700-g7f8a7979f0 (webtiles) character file.

Game seed: 9260632539628296932, levelgen mode: deterministic

4 Esekla the Grasshopper (level 1, -5/10 HPs)
             Began as a Spriggan Warper on Apr 2, 2020.
             Killed from afar by Natasha (7 damage)
             ... with a magic dart
             ... on level 2 of the Dungeon.
             The game lasted 00:04:11 (545 turns).

Esekla the Grasshopper (Spriggan Warper)             Turns: 545, Time: 00:04:11

Health: -5/10      AC:  2    Str:  7    XL:     1   Next: 50%
Magic:  5/5        EV: 19    Int: 14    God:
Gold:   134        SH:  0    Dex: 15    Spells: 5/5 levels left

rFire    . . .     SeeInvis +   c - -2 spear (curse)
rCold    . . .     Gourm    .   (shield restricted)
rNeg     . . .     Faith    .   b - +0 robe
rPois    .         Spirit   .   (helmet restricted)
rElec    .         Reflect  .   (no cloak)
rCorr    .         Harm     .   (gloves unavailable)
MR       +....                  (boots unavailable)
Stlth    +.........             (no amulet)
HPRegen  0.03/turn              g - ring of protection from magic
MPRegen  0.09/turn              (no ring)

@: very quick
A: very small, unfitting armour, see invisible, herbivore, speed 3, slow
metabolism 2
a: no special abilities


You were on level 2 of the Dungeon.
You were not hungry.

You visited 1 branch of the dungeon, and saw 2 of its levels.

You collected 134 gold pieces.

Inventory:

Hand Weapons
 a - a +0 short sword
 c - a cursed -2 spear (weapon)
Missiles
 e - 5 boomerangs of dispersal (quivered)
Armour
 b - a +0 robe (worn)
Jewellery
 g - a ring of protection from magic (left hand)
Scrolls
 d - 2 scrolls of blinking
 i - a scroll of identify
Potions
 h - a potion of might {unknown}
 j - a potion of heal wounds {unknown}
Comestibles
 f - 2 rations


   Skills:
 - Level 1.5 Fighting
 * Level 2.2 Short Blades
 + Level 1.0 Throwing
 + Level 3.8 Dodging
 * Level 2.8 Spellcasting
   Level 4.4 Translocations


You had 5 spell levels left.
You didn't know any spells.
Your spell library contained the following spells:

 Spells                   Type           Power        Failure   Level  Hunger
 Blink                    Tloc           N/A          5%          2    ##.....
 Gell's Gravitas          Tloc           ##........   11%         3    ###....
 Lesser Beckoning         Tloc           ##........   11%         3    ###....
 Teleport Other           Tloc           ##......     11%         3    ###....
 Shroud of Golubria       Chrm/Tloc      #.....       14%         2    ##.....
 Passage of Golubria      Tloc           N/A          34%         4    #####..


Dungeon Overview and Level Annotations

Branches:
Dungeon (2/15)

Altars:
Okawaru

Annotations:
D:2 Natasha


Innate Abilities, Weirdness & Mutations

You are very small and have problems with some larger weapons.
You are too small for most types of armour.
You have supernaturally acute eyesight. (SInv)
You are a herbivore.
You cover ground extremely quickly.
You need to consume almost no food.


Message History

j - a smoky white potion You open the door.
Natasha, Servant of Life and Death comes into view.
There is an open door here.
Natasha hisses angrily.
There is an open door here.
You close the door.
Found 11 gold pieces.
You now have 134 gold pieces (gained 11).
You closely miss Natasha. Natasha closely misses you.
You barely miss Natasha. Natasha claws you!
Ouch! That really hurt!
* * * LOW HITPOINT WARNING * * *
You barely miss Natasha. Natasha claws you.
* * * LOW HITPOINT WARNING * * *
You miss Natasha. Natasha casts a spell at you. The magic dart hits you!
Ouch! That really hurt!
You die...

##.....#.#####...###
######### ##.#h#.##
#.##.##.# #....##.#
#### #.##.##.#
#....##..#.#.##
............##
....##h##### . #@#
####.# #....# ######


You could see Natasha.

Vanquished Creatures
  A goblin (D:2)
  A frilled lizard (D:2)
  3 rats (D:2)
5 creatures vanquished.

Notes
Turn   | Place    | Note
-------+----------+-------------------------------------------
     0 | D:1      | Esekla the Spriggan Warper began the quest for the Orb.
     0 | D:1      | Reached XP level 1. HP: 10/10 MP: 5/5
   269 | D:2      | Found an iron altar of Okawaru.
   475 | D:2      | Noticed Natasha
   545 | D:2      | Killed from afar by Natasha

Levels and vault maps discovered:
D:1:      elethiomel_arrival_infinity_welcomes_careful_drivers, layout_basic,
          st_stairs_10, grunt_decor_resistance, glass_columns_a, hex_tiny,
          minivault_23
D:2:      layout_loops_corners, lemuel_doored_altar, okawaru_metal_pillars_3,
          uniq_natasha, uniq_crazy_yiuf_cottage

Action                   || total
-------------------------++-------
Melee: Spear             ||    22
  Use: Scroll            ||     2
 Stab: Sleeping          ||     1
Armor: Robe              ||     1
Dodge: Dodged            ||    14

Table legend:
 A = Non-vault XP
 B = Vault XP
 C = Vault XP percentage of total XP
 D = Non-vault monster count
 E = Vault monster count
 F = Vault count percentage of total count
                 A         B        C        D         E       F
            +---------+---------+-------+---------+---------+-------
      Total |       6 |       0 |   0.0 |       5 |       0 |   0.0
            +---------+---------+-------+---------+---------+-------
        D:2 |       6 |       0 |   0.0 |       5 |       0 |   0.0
            +---------+---------+-------+---------+---------+-------
